 Dungeon Crawl Stone Soup version 0.30-a0-365-ge7f957f1db (webtiles) character file.

Game seed: 5746269127276328839

193 qeuew the Trooper (level 5, -1/43 HPs)
             Began as a Demonspawn Fighter on Nov 16, 2022.
             Killed by divine providence
             ... invoked by an orc priest
              (15 damage)
             ... on level 3 of the Dungeon.
             The game lasted 00:02:02 (1447 turns).

qeuew the Trooper (Demonspawn Fighter)              Turns: 1447, Time: 00:02:03

Health: -1/43      AC:  7    Str: 16    XL:     5   Next: 44%
Magic:  5/5        EV: 10    Int: 10    God:
Gold:   34         SH:  6    Dex: 20    Spells: 4/4 levels left

rFire   . . .      SeeInvis .    a - +0 war axe
rCold   . . .      Faith    .    c - +0 buckler
rNeg    . . .      Spirit   .    b - +0 scale mail
rPois   .          Reflect  .    (no helmet)
rElec   .          Harm     .    (no cloak)
rCorr   .          Rampage  .    (no gloves)
Will    .....                    (no boots)
Stlth   ..........               (no amulet)
HPRegen 0.27/turn                e - +6 ring of dexterity
MPRegen 0.09/turn                (no ring)

@: no status effects
A: rugged brown scales 1, foul stench 1
a: no special abilities


You were on level 3 of the Dungeon.
You visited 1 branch of the dungeon, and saw 3 of its levels.

You collected 109 gold pieces.
You spent 75 gold pieces at shops.

Inventory:

Hand Weapons
 a - a +0 war axe (weapon)
Missiles
 j - a throwing net (quivered)
Armour
 b - a +0 scale mail (worn)
 c - a +0 buckler (worn)
Jewellery
 e - a +6 ring of dexterity (left hand)
Wands
 k - a wand of digging (7)
Scrolls
 d - a scroll of enchant weapon
 i - a scroll of teleportation
Potions
 f - a potion of magic
 g - a potion of heal wounds
 h - a potion of lignification


   Skills:
 + Level 3.7 Fighting
 + Level 2.6 Axes
 + Level 3.4 Armour
 + Level 1.7 Dodging
 + Level 3.4 Shields
 + Level 1.1 Evocations


You had 4 spell levels left.
You didn't know any spells.
Your spell library contained the following spells:

 Spells                   Type           Power      Damage    Failure   Level
 Shock                    Conj/Air       0%         1d3       87%         1
 Swiftness                Air            0%         N/A       99%         3
 Airstrike                Air            0%         2d(0-16)  100%        4


Dungeon Overview and Level Annotations

Branches:
Dungeon (3/15)

Altars:
Xom

Shops:
D:3 !*[


Innate Abilities, Weirdness & Mutations

You are partially covered in rugged brown scales. (AC +1, +3% HP)
You may rarely emit foul miasma when damaged in melee.


Message History

The orc shouts!
Found a bubbling emerald potion.
Found a book of Conjurations.
You block the orc's attack. You block the orc priest's attack.
You completely miss the orc priest. You barely miss the orc.
The orc priest calls down the wrath of Beogh upon you.
Beogh smites you! The orc hits you with a +0 club.
The orc priest closely misses you. The orc hits you but does no damage.
You closely miss the orc priest. You slash the orc!
You kill the orc!
The orc priest closely misses you.
You slash the orc priest!
The orc priest is heavily wounded.
You closely miss the orc. The orc hits you with a +0 hand axe.
You block the orc priest's attack. The orc hits you with a +0 hand axe.
The orc priest hits you with a +0 whip.
You are too injured to fight recklessly!
You are too injured to fight recklessly!
You are too injured to fight recklessly!
You are too injured to fight recklessly!
You are too injured to fight recklessly!
You are too injured to fight recklessly!
You are too injured to fight recklessly!
You are too injured to fight recklessly!
You are too injured to fight recklessly!
You are too injured to fight recklessly!
You are too injured to fight recklessly!
You are too injured to fight recklessly!
You are too injured to fight recklessly!
You barely miss the orc priest.
The orc priest is heavily wounded.
You barely miss the orc. The orc priest hits you with a +0 whip.
The orc hits you with a +0 hand axe.
Unknown command.
You barely miss the orc priest.
The orc priest is heavily wounded.
You hit the orc.
The orc priest calls down the wrath of Beogh upon you.
Beogh smites you!
You die...

#######.#.# #.#.# #
######.#.#.####
#.##
#...∩))).......
..!..
#..........###.
...## #..###.#.###
. ... #..# #.#.#
....##o###..###.#.#
......o@..........#
:#########.####....
#.# ##### ..# ####


You could see an orc priest and an orc.

Vanquished Creatures
  An ogre (D:3)
  Terence (D:3)
  An adder (D:3)
  2 dart slugs
  3 orcs (D:3)
  7 endoplasms
  A giant cockroach (D:2)
  10 goblins
  4 hobgoblins
  5 jackals (D:2)
  3 quokkas
  3 ball pythons
  8 bats
  7 frilled lizards
  6 kobolds
  4 rats
66 creatures vanquished.

Vanquished Creatures (others)
  2 adders (D:3)
  A worm (D:3)
  An orc (D:3)
  An endoplasm (D:3)
  A hobgoblin (D:3)
  A goblin (D:3)
  2 kobolds (D:3)
  4 plants (D:2)
13 creatures vanquished.

Grand Total: 79 creatures vanquished

Notes
Turn   | Place    | Note
-------+----------+-------------------------------------------
     0 | D:1      | qeuew the Demonspawn Fighter began the quest for the Orb.
     0 | D:1      | Reached XP level 1. HP: 18/18 MP: 1/1
   135 | D:1      | Gained mutation: You are partially covered in rugged brown
                  | scales. (AC +1, +3% HP) [demonic ancestry]
   135 | D:1      | Reached XP level 2. HP: 18/24 MP: 2/2
   517 | D:1      | Reached XP level 3. HP: 28/29 MP: 3/3
   743 | D:2      | Reached skill level 1 in Dodging
  1201 | D:3      | Found Eqium's Distillery.
  1217 | D:3      | Found a shimmering altar of Xom.
  1224 | D:3      | Noticed an ogre
  1227 | D:3      | Gained mutation: You may rarely emit foul miasma when
                  | damaged in melee. [demonic ancestry]
  1227 | D:3      | Reached XP level 4. HP: 29/36 MP: 4/4
  1232 | D:3      | Found Leicil Zudd's General Store.
  1252 | D:3      | Killed an ogre
  1253 | D:3      | Reached XP level 5. HP: 26/42 MP: 5/5
  1329 | D:3      | Bought a scroll of enchant weapon for 75 gold pieces
  1365 | D:3      | Noticed Terence
  1366 | D:3      | Found Migazu Gunomm's Armour Emporium.
  1370 | D:3      | Killed Terence
  1371 | D:3      | Reached skill level 1 in Evocations
  1447 | D:3      | Killed from afar by an orc priest

Illustrated notes

Levels and vault maps discovered:
D:1:      wander_arrival_peaceful_grave, layout_loops_ring
D:2:      layout_rooms, lexackson_kobold_supper
D:3:      layout_loops_ring, nicolae_ru_the_path_less_chosen,
          xom_confusion_cloud, serial_shops, shop, shop, shop,
          minmay_misc_feat_cross, minmay_misc_feat_tiny, uniq_terence

Skill      XL: |  1  2  3  4  5 |
---------------+----------------+-----
Axes           | 2 |  2.6
Shields        | 3 |  3.4
Armour         | 3 |  3.4
Dodging        | 1 |  1.7
Evocations     | 1 |  1.1
Fighting       | |  3.7

Action                   |  1- 3 |  4- 6 || total
-------------------------+-------+-------++-------
Melee: War axe           |   127 |    14 ||   141
  Use: Scroll            |     4 |       ||     4
       Potion            |     2 |     1 ||     3
Armor: Scale mail        |    67 |     3 ||    70
Dodge: Dodged            |    55 |     6 ||    61
Block: Buckler           |    32 |     4 ||    36

Table legend: (Time is in decaauts)
 A = Elapsed time spent in this place.
 B = Non-inter-level travel time spent in this place.
 C = Inter-level travel time spent in this place.
 D = Time resting spent in this place.
 E = Time spent auto-exploring this place.
 F = Levels seen in this place.
 G = Mean time per level.
                   A        B        C        D        E       F      G
               +--------+--------+--------+--------+--------+-----+--------+
         Total |   1507 |   1457 |     50 |     23 |   1066 |   3 |  502.3 |
       Dungeon |   1507 |   1457 |     50 |     23 |   1066 |   3 |  502.3 |
               +--------+--------+--------+--------+--------+-----+--------+

Top non-repeatable levels by time:
     D:1: 706 daAuts
     D:2: 545 daAuts
     D:3: 256 daAuts
